 Dungeon Crawl Stone Soup version 0.20-a0-502-g555d78b (webtiles) character file.

66965 nono the Blocker (level 15, 0/100 HPs)
             Began as a Halfling Berserker on Jan 20, 2017.
             Was an Elder of Trog.
             Succumbed to poison (poison gas)
             ... on level 1 of the Swamp.
             The game lasted 01:31:31 (14429 turns).

nono the Blocker (Halfling Berserker)              Turns: 14429, Time: 01:31:32

Health: 0/100      AC: 21    Str: 26    XL:     15   Next: 64%
Magic:  24/24      EV: 15    Int:  9    God:    Trog [****..]
Gold:   808        SH: 18    Dex: 16    Spells: 14/14 levels left

rFire    + . .     SeeInvis .   E - +8 mace "Vuethep" {freeze, MR+ Int+4}
rCold    + + .     Gourm    .   Z - +0 plate armour
rNeg     . . .     Faith    .   T - +0 shield
rPois    .         Spirit   .   (no helmet)
rElec    .         Reflect  +   (no cloak)
rCorr    .         Harm     .   M - +2 pair of gloves {Str+3}
MR       ++++.                  Q - +0 pair of boots
Stlth    ..........             W - +3 amulet of reflection
Regen    1.3/turn               O - ring of protection from fire
                                N - ring "Deil Modi" {rC++ MP+9}

@: lethally poisoned (0 -> -19), exhausted, starving, regenerating, slowed, very
slow
A: mutation resistance 1
a: Berserk, Trog's Hand, Brothers in Arms, Burn Spellbooks, Renounce Religion


You were on level 1 of the Swamp.
You worshipped Trog.
Trog was greatly pleased with you.
You were starving.

You visited 3 branches of the dungeon, and saw 19 of its levels.
You also visited: Labyrinth and Ossuary.

You collected 1309 gold pieces.
You spent 501 gold pieces at shops.

Inventory:

Hand Weapons
 q - the +2 flail of Turmoil {crush, rElec Dex+6}
   (You found it on level 6 of the Lair of Beasts)

   It inflicts extra damage upon your enemies.
   It affects your dexterity (+6).
   It insulates you from electricity.
 v - a +0 hunting sling
 y - a +3 antimagic morningstar
 E - the +8 mace "Vuethep" (weapon) {freeze, MR+ Int+4}
   (You found it on level 4 of the Dungeon)

   It has been specially enchanted to freeze those struck by it, causing extra
   injury to most foes and up to half again as much damage against particularly
   susceptible opponents.
   It can also slow down cold-blooded creatures.
   It affects your intelligence (+4).
   It affects your resistance to hostile enchantments.
Missiles
 z - 135 sling bullets
Armour
 M - a +2 pair of gloves of strength (worn)
 Q - a +0 pair of boots (worn)
 T - a +0 shield (worn)
 Z - a +0 plate armour (worn)
Jewellery
 s - an uncursed ring of resist corrosion
 N - the ring "Deil Modi" (left hand) {rC++ MP+9}
   (You bought it in a shop on level 6 of the Dungeon)

   [ring of magical power]

   It greatly protects you from cold.
   It affects your magic capacity (+9).
 O - a ring of protection from fire (right hand)
 U - an uncursed ring of ice
 W - a +3 amulet of reflection (around neck)
 X - an uncursed amulet of the gourmand
 Y - an uncursed ring of see invisible
Wands
 p - a wand of confusion (40/48)
 I - a wand of digging (17/24)
 P - a wand of iceblast (5/15)
 S - a wand of disintegration (1/24)
Scrolls
 b - a scroll of immolation
 g - 7 scrolls of teleportation
 h - 5 scrolls of enchant armour
 i - 3 scrolls of identify
 o - 2 scrolls of enchant weapon
 u - 2 scrolls of silence
 w - 9 scrolls of remove curse
 F - 6 scrolls of recharging
 R - 3 scrolls of blinking
Potions
 a - a potion of cure mutation
 d - 3 potions of heal wounds
 e - 4 potions of agility
 k - 3 potions of might
 m - 4 potions of brilliance
 r - 4 potions of flight
 x - 3 potions of ambrosia
 B - 2 potions of berserk rage
 D - 4 potions of haste
 G - 3 potions of curing
 H - 2 potions of invisibility
Books
 A - a book of Transfigurations

   Spells                             Type                      Level
   a - Irradiate                      Conjuration/Transmutation    5
   b - Statue Form                    Transmutation/Earth          6
   c - Hydra Form                     Transmutation                6
   d - Dragon Form                    Transmutation                7
   Trog disapproves of the use of such an item.
 J - a book of Flames

   Spells                             Type                      Level
   a - Flame Tongue                   Conjuration/Fire             1
   b - Throw Flame                    Conjuration/Fire             2
   c - Conjure Flame                  Conjuration/Fire             3
   d - Inner Flame                    Hexes/Fire                   3
   e - Sticky Flame                   Conjuration/Fire             4
   f - Fireball                       Conjuration/Fire             5
   Trog disapproves of the use of such an item.
 K - a book of Clouds

   Spells                             Type                      Level
   a - Poisonous Vapours              Poison/Air                   2
   b - Mephitic Cloud                 Conjuration/Poison/Air       3
   c - Conjure Flame                  Conjuration/Fire             3
   d - Freezing Cloud                 Conjuration/Ice/Air          6
   e - Ring of Flames                 Charms/Fire                  7
   Trog disapproves of the use of such an item.
 V - a book of Minor Magic

   Spells                             Type                      Level
   a - Magic Dart                     Conjuration                  1
   b - Blink                          Translocation                2
   c - Call Imp                       Summoning                    2
   d - Repel Missiles                 Charms/Air                   2
   e - Slow                           Hexes                        2
   f - Conjure Flame                  Conjuration/Fire             3
   g - Mephitic Cloud                 Conjuration/Poison/Air       3
   Trog disapproves of the use of such an item.
Comestibles
 c - 9 bread rations
 f - 3 slices of pizza
 j - 3 meat rations
 l - a royal jelly
 n - 2 beef jerkies
 t - 4 fruits


   Skills:
 - Level 8.9 Fighting
   Level 4.8 Long Blades
 + Level 12.9 Maces & Flails
 + Level 14.0 Armour
 - Level 9.0 Dodging
 + Level 14.2 Shields


You had 14 spell levels left.
You didn't know any spells.

Dungeon Overview and Level Annotations

Branches:
Dungeon (12/15)            Temple (0/1) D:6            Lair (6/6) D:9
  Swamp (1/4) Lair:3        Snake (0/4) Lair:2        Slime (0/5) Lair:6
    Orc (0/2) D:12

Altars:
Hepliaklqana
Xom
Zin
Jiyva

Shops:
D:6 %**}*   D:8 (

Annotations:
D:12 Klosterheim's ghost, journeyman TrBe
Lair:1 exclusion: oklob plant


Innate Abilities, Weirdness & Mutations

You are small and have problems with some larger weapons.
You are somewhat resistant to further mutation.


Message History

You are more poisoned.
* * * LOW HITPOINT WARNING * * *
x2 You feel very sick.
* * * LOW HITPOINT WARNING * * *
You feel very sick.
You feel a strong urge to attack something.
* * * LOW HITPOINT WARNING * * *
You feel very sick.
You are too berserk!
* * * LOW HITPOINT WARNING * * *
You feel very sick.
You feel your anger subside.
You are no longer berserk.
You are exhausted.
You feel yourself slow down.
* * * LOW HITPOINT WARNING * * *
You feel sick.
Your skin crawls.
You feel resistant to hostile enchantments.
You are starving!
You die...

♣♣ ..≈≈≈≈≈.§≈≈... .
♣≈≈≈≈≈≈≈.....≈ ≈♣
..♣♣..≈≈.>...≈
♣≈♣♣.....♣♣.....≈≈.
♣≈≈♣♣.≈≈≈.♣..≈≈≈.≈≈
♣..♣≈.≈≈≈.♣♣≈≈≈≈.♣♣
♣.....≈≈..♣♣≈≈≈..♣♣
♣.≈≈....≈♣♣.≈.....
♣♣♣@≈≈>.♣♣≈ ♣.....≈≈
♣≈.♣♣..≈≈.♣ ♣≈≈≈≈≈≈≈
♣♣♣≈≈≈♣≈..≈≈♣ ♣≈.≈≈≈≈≈
♣♣≈≈≈.♣♣≈♣...♣♣ ♣♣..≈≈≈≈
..≈≈........≈♣♣♣♣.....§
♣.≈≈≈..≈≈....≈≈♣♣.≈..♣≈
♣..≈≈≈≈≈≈≈≈.≈≈..♣..≈♣≈≈
♣♣♣..≈≈≈≈≈≈.≈≈.....≈..≈≈≈
♣♣≈....≈≈≈≈......≈.≈♣♣.♣≈≈


There were no monsters in sight!

Vanquished Creatures
  A thorn hunter (Swamp:1)
  7 dire elephants
  A minotaur (Lab)
  Erolcha (D:10)
  3 hydras
  An anaconda (Lair:6)
  A queen ant (Lair:3)
  2 two-headed ogres (D:9)
  9 death yaks (Lair:6)
  An unseen horror (D:11)
  A swamp dragon (Swamp:1)
  A lindwurm (Lair:6)
  An ugly thing (D:12)
  A cyclops (D:12)
  Maurice (D:8)
  30 elephants
  Psyche (D:9)
  A torpor snail (Lair:6)
  10 spiny frogs
  9 komodo dragons
  2 trolls
  A polar bear (Lair:5)
  Prince Ribbit (D:5)
  A slime creature (Lair:3)
  A tyrant leech (Swamp:1)
  3 hornets (Swamp:1)
  9 blink frogs
  5 dream sheep (Lair:6)
  A bog body (Swamp:1)
  11 hippogriffs
  2 shadows (Swamp:1)
  A vampire (D:11)
  6 spriggans
  25 yaks
  Eustachio (D:4)
  A basilisk (Lair:6)
  2 hungry ghosts (Lab)
  The ghost of Yoshimo the Geomancer, an amateur DDEE (D:5)
  2 chaos spawn
  4 wargs (D:12)
  2 swamp worms (Swamp:1)
  6 nagas (Lair:2)
  16 soldier ants
  9 porcupines
  Duvessa (D:4)
  8 water moccasins
  3 ice beasts
  2 sky beasts
  6 orc warriors
  A swamp drake (Swamp:1)
  4 phantoms
  3 black bears
  4 ogres
  2 centaurs (D:7)
  12 crocodiles
  20 wolves
  2 big kobolds
  Blork the orc (D:5)
  A gnoll sergeant (D:8)
  9 bullfrogs
  Dowan (D:4)
  2 wyvern skeletons
  6 scorpions
  16 killer bees
  7 electric eels
  3 howler monkeys
  8 crimson imps
  2 centaur zombies
  A bullfrog zombie (D:5)
  8 hounds
  3 centaur skeletons
  6 jellies
  11 orc wizards
  A bullfrog skeleton (D:4)
  4 orc priests
  7 iguanas
  33 worker ants
  14 hell rats
  A big kobold zombie (Ossuary)
  8 mummies (Ossuary)
  A worker ant zombie (D:10)
  12 adders
  9 gnolls
  A shadow imp (D:7)
  3 oozes
  2 adder skeletons
  2 worms (D:2)
  8 dart slugs
  5 leopard geckos
  35 orcs
  A ball python (D:6)
  5 giant cockroaches
  A gnoll zombie (Ossuary)
  4 goblins
  6 hobgoblins
  13 jackals
  15 kobolds
  5 quokkas
  2 bats (D:1)
  2 frilled lizards
  3 hobgoblin zombies (Ossuary)
  2 jackal skeletons
  A kobold zombie (Ossuary)
  2 orc zombies (Ossuary)
  5 rats
  A fungus (Lair:3)
  A plant (Lair:6)
564 creatures vanquished.

Vanquished Creatures (collateral kills)
  7 dream sheep (Lair:6)
7 creatures vanquished.

Vanquished Creatures (others)
  Fannar (Lair:1)
  An orc (D:12)
  38 fungi
  15 plants
55 creatures vanquished.

Grand Total: 626 creatures vanquished

Notes
Turn   | Place    | Note
-------+----------+-------------------------------------------
     0 | D:1      | nono the Halfling Berserker began the quest for the Orb.
     0 | D:1      | Reached XP level 1. HP: 15/15 MP: 1/1
   189 | D:1      | Reached XP level 2. HP: 20/20 MP: 2/2
   445 | D:1      | You fall through a shaft!
   513 | D:2      | Reached XP level 3. HP: 25/25 MP: 3/3
   790 | D:2      | Reached ** piety under Trog
   820 | D:2      | Reached XP level 4. HP: 13/30 MP: 4/4
  1881 | D:3      | Reached XP level 5. HP: 23/35 MP: 5/5
  2020 | D:4      | Noticed an ogre
  2037 | D:4      | Killed an ogre
  2037 | D:4      | Reached XP level 6. HP: 7/41 MP: 6/6
  2057 | D:4      | Got an ancient mace
  2058 | D:4      | Identified the +8 mace "Vuethep" {freeze, MR+ Int+4} (You found it on level 4 of the Dungeon)
  2060 | D:4      | Found a sand-covered staircase.
  2070 | Ossuary  | Entered an ossuary
  2331 | D:4      | Noticed Duvessa
  2338 | D:4      | Noticed Dowan
  2347 | D:4      | Killed Duvessa
  2347 | D:4      | Reached XP level 7. HP: 28/45 MP: 7/7
  2354 | D:4      | Killed Dowan
  2657 | D:4      | Reached XP level 8. HP: 36/51 MP: 8/8
  2675 | D:4      | Got a pair of ancient gloves
  2681 | D:4      | Identified the +0 pair of gloves "Wugrukh" {Str+2} (You found it on level 4 of the Dungeon)
  2682 | D:4      | Found a hazy altar of Hepliaklqana.
  2691 | D:4      | Reached *** piety under Trog
  2728 | D:4      | Noticed Eustachio
  2742 | D:4      | Killed Eustachio
  2742 | D:4      | Reached skill level 5 in Maces & Flails
  2820 | D:5      | Entered Level 5 of the Dungeon
  2869 | D:5      | Noticed Prince Ribbit
  2878 | D:5      | Found a shimmering altar of Xom.
  2883 | D:5      | Killed Prince Ribbit
  2936 | D:5      | Noticed Blork the orc
  2961 | D:5      | Killed Blork the orc
  2961 | D:5      | Reached XP level 9. HP: 24/55 MP: 9/9
  3194 | D:5      | Noticed Yoshimo's ghost (amateur DDEE)
  3203 | D:5      | Killed Yoshimo's ghost
  3203 | D:5      | Reached skill level 5 in Armour
  3205 | D:5      | Reached skill level 5 in Dodging
  3508 | D:6      | Found Nisuc's Assorted Antiques.
  3511 | D:6      | Bought a serpentine amber ring for 135 gold pieces
  3511 | D:6      | Bought a slimy cloak for 256 gold pieces
  3516 | D:6      | Identified the +1 cloak of Qazlal's Scorn {+Inv rF- rCorr} (You bought it in a shop on level 6 of the Dungeon)
  3521 | D:6      | Identified the ring "Deil Modi" {rC++ MP+9} (You bought it in a shop on level 6 of the Dungeon)
  3528 | D:6      | Found a staircase to the Ecumenical Temple.
  3593 | D:6      | Found Dibbo's General Store.
  3596 | D:6      | Bought a +0 pair of boots for 58 gold pieces
  3596 | D:6      | Bought a potion of might for 52 gold pieces
  3613 | D:6      | Found Unoy's Gadget Shop.
  3639 | D:6      | Found Sukk's General Store.
  3755 | D:6      | Found Qyess's Food Shop.
  3857 | D:7      | Reached **** piety under Trog
  4118 | D:7      | Reached XP level 10. HP: 61/61 MP: 10/10
  4390 | D:8      | Noticed Maurice
  4423 | D:8      | Killed Maurice
  4480 | D:8      | Found Nuypaum's Antique Weapon Shoppe.
  4936 | D:9      | Reached skill level 5 in Shields
  4945 | D:9      | Reached ***** piety under Trog
  5020 | D:9      | Found a staircase to the Lair.
  5049 | D:9      | Noticed a two-headed ogre
  5065 | D:9      | Killed a two-headed ogre
  5065 | D:9      | Reached XP level 11. HP: 66/66 MP: 11/11
  5100 | D:9      | Found a glowing silver altar of Zin.
  5297 | D:9      | Noticed a two-headed ogre
  5312 | D:9      | Killed a two-headed ogre
  5415 | D:9      | Received a gift from Trog
  5451 | D:9      | Noticed Psyche
  5458 | D:9      | Killed Psyche
  5706 | D:10     | Entered Level 10 of the Dungeon
  5706 | D:10     | Noticed Erolcha
  5715 | D:10     | Killed Erolcha
  5929 | D:10     | Found a shimmering altar of Xom.
  6905 | D:11     | Noticed an unseen horror
  6921 | D:11     | Killed an unseen horror
  6921 | D:11     | Reached XP level 12. HP: 66/72 MP: 12/12
  7151 | D:12     | Reached skill level 10 in Shields
  7245 | D:12     | Noticed an eight-headed hydra
  7265 | D:12     | Killed an eight-headed hydra
  7265 | D:12     | Reached skill level 10 in Armour
  7423 | D:12     | Reached skill level 10 in Maces & Flails
  7489 | D:12     | Found a staircase to the Orcish Mines.
  7609 | D:12     | Noticed Klosterheim's ghost (journeyman TrBe)
  7765 | Lair:1   | Entered Level 1 of the Lair of Beasts
  7831 | Lair:1   | Noticed Fannar
  7883 | Lair:1   | Killed Fannar
  8110 | Lair:1   | Found a labyrinth entrance.
  8156 | Lab      | Entered a labyrinth
  8525 | Lab      | Noticed a minotaur
  8536 | Lab      | Killed a minotaur
  8536 | Lab      | Reached XP level 13. HP: 76/76 MP: 13/13
  9112 | Lair:2   | Found a staircase to the Snake Pit.
  9170 | Lair:2   | Noticed a six-headed hydra
  9180 | Lair:2   | Killed a six-headed hydra
  9456 | Lair:3   | Received a gift from Trog
  9736 | Lair:3   | Reached skill level 5 in Fighting
  9955 | Lair:3   | Noticed a five-headed hydra
  9970 | Lair:3   | Killed a five-headed hydra
 10062 | Lair:3   | Found a staircase to the Swamp.
 10492 | Lair:4   | Noticed a dire elephant
 10517 | Lair:4   | Killed a dire elephant
 10517 | Lair:4   | Reached XP level 14. HP: 93/95 MP: 14/14
 10795 | Lair:4   | Received a gift from Trog
 11452 | Lair:6   | Entered Level 6 of the Lair of Beasts
 12280 | Lair:6   | Noticed a dire elephant
 12280 | Lair:6   | Noticed a dire elephant
 12296 | Lair:6   | Killed a dire elephant
 12305 | Lair:6   | Killed a dire elephant
 12345 | Lair:6   | Noticed a dire elephant
 12365 | Lair:6   | Killed a dire elephant
 12436 | Lair:6   | Noticed a dire elephant
 12438 | Lair:6   | Noticed a dire elephant
 12455 | Lair:6   | Killed a dire elephant
 12475 | Lair:6   | Killed a dire elephant
 12475 | Lair:6   | Reached XP level 15. HP: 26/100 MP: 15/15
 13665 | Lair:6   | Found a runed door.
 13666 | Lair:6   | Found a viscous altar of Jiyva.
 13668 | Lair:6   | Found a staircase to the Slime Pits.
 13669 | Lair:6   | Got a slimy flail
 13670 | Lair:6   | Identified the +2 flail of Turmoil {crush, rElec Dex+6} (You found it on level 6 of the Lair of Beasts)
 13781 | Lair:6   | Received a gift from Trog
 14155 | Swamp:1  | Entered Level 1 of the Swamp
 14322 | Swamp:1  | Noticed a thorn hunter
 14329 | Swamp:1  | Killed a thorn hunter
 14428 | Swamp:1  | HP: 4/100 [poison (poison gas)]
 14429 | Swamp:1  | Succumbed to poison (poison gas)

Vault maps used:
D:1:      sevenhm_arrival_forest_fort_small_3, nrook_mini_vaults,
          minmay_misc_feat_plants
D:2:      first_bread
D:3:      kennysheep_slugbush, minmay_fountain_box, minmay_shallow_snake_nest
D:4:      lightli_ossuary_entry_decrepit_ruins, grunt_ministairs_4,
          minmay_ruined_shrine, uniq_eustachio, uniq_duvessa
D:5:      xom_teletrap_fun, uniq_prince_ribbit1, uniq_blork_the_orc
D:6:      serial_shops, shop, shop, nicolae_shop_behind_doors, shop,
          kennysheep_mini_moat
D:8:      serial_shops, shop, uniq_maurice
D:9:      minmay_lair_entry_grove, basic_altar, serial_curves, eino_curves_02,
          eino_curves_04, eino_curves_01, uniq_psyche
D:10:     minmay_guarded_unrand_variability, uniq_erolcha
D:11:     grunt_tengu_nest
D:12:     minmay_opposing_rooms, minmay_orc_entry_guard_dogs,
          hangedman_decor_clover_reticule
Lair:1:   minmay_lair_oklob_tunnel, lab_entry_generic, uniq_fannar
Lair:2:   minmay_snake_entry_guardpost_medium, st_stairs_13, lemuel_fruit_tree,
          grunt_megastairs_4
Lair:3:   minmay_swamp_entry_eels, nicolae_quartered_pool_medium, zaba_anthell
Lair:4:   mu_elephants_graveyard, infiniplex_staircase_pool
Lair:5:   forest_entry_grove
Lair:6:   due_jungle_book, slime_altar_2
Swamp:1:  hangedman_swamp_pad, swamp_pool2
Lab:      nicolae_lab_x, nicolae_lab_t_cross, lab_hedge
Ossuary:  ossuary_tomb_3

Skill      XL: |  1  2  3  4  5  6  7  8  9 10 11 12 13 14 15 |
---------------+----------------------------------------------+-----
Armour         | 3 4 7 9 11 13 14 | 14.0
Dodging        | 3 4 6 7 9 |  9.0
Long Blades    | 4 |  4.8
Maces & Flails | 2 4 7 8 9 10 11 12 | 12.9
Shields        | 8 9 11 12 13 14 | 14.2
Fighting       | 8 |  8.9

Action                   |  1- 3 |  4- 6 |  7- 9 | 10-12 | 13-15 || total
-------------------------+-------+-------+-------+-------+-------++-------
Melee: Falchion          |    82 |    80 |       |       |       ||   162
       Mace              |       |    57 |   210 |   781 |  1210 ||  2258
       Morningstar       |       |       |       |       |    25 ||    25
       Flail             |       |       |       |       |    15 ||    15
Invok: Berserk           |     2 |     4 |    10 |    13 |    21 ||    50
       Trog's Hand       |       |     3 |     2 |     9 |    20 ||    34
       Burn Spellbooks   |       |       |       |       |     3 ||     3
       Brothers in Arms  |       |       |       |       |     4 ||     4
Evoke: Wand              |       |       |       |     2 |    18 ||    20
  Use: Scroll            |       |     5 |     1 |     9 |    15 ||    30
       Potion            |       |     1 |       |     4 |     6 ||    11
  Eat: Chunk             |     1 |     8 |    13 |    30 |    33 ||    85
       Fruit             |     1 |       |     2 |     3 |    16 ||    22
       Beef jerky        |       |     1 |       |       |     1 ||     2
Armor: Chain mail        |    30 |    44 |    77 |    74 |       ||   225
       Plate armour      |       |       |       |   115 |   331 ||   446
Dodge: Dodged            |    44 |    95 |   154 |   272 |   479 ||  1044
Block: Shield            |       |       |       |   492 |  1004 ||  1496
       Reflection        |       |       |       |     4 |     6 ||    10
       Rpst.: Falchion   |    17 |    15 |       |       |       ||    32
